AoeStats
← EscrotoelEscrotoncio

Highland

505707882Analyzed
2v2 RM · 21d ago on Sep 10, 2026· 99m 39s· 4 players
Game mode
Random Map
Map size
Medium (4 player)
Population
200
Speed
Normal
Resources
Standard
Victory
Conquest
Starting age
Dark Age
Ending age
Imperial Age
RankedLock teamsTeams togetherTeam positionsShared explorationLock speedFull tech treeHidden civsTurbo modeCheats
Victory
Defeat
🇨🇱 Franks · Chile
939
+9
🇨🇱 Burgundians · Chile
709
+19
🇺🇸 Vikings · United States
782
-14
🇺🇸 Mongols · United States
772
-14
XXsangerealXX 3
2:29 Loom
12:49 Feudal Age
14:42 Double-Bit Axe
17:11 Castle Age
16:18 Man-at-Arms
20:38 Fletching
21:42 Horse Collar
23:35 Heavy Plow
24:07 Bow Saw
24:02 Gambesons
25:37 Long Swordsman
28:00 Ballistics
27:49 Murder Holes
27:35 Treadmill Crane
29:25 Scale Mail Armor
30:29 Forging
30:45 Squires
32:37 Chain Mail Armor
32:59 Iron Casting
35:24 Chieftains
39:57 Imperial Age
40:18 Two-Handed Swordsman
41:56 Champion
42:50 Pikeman
52:28 Bodkin Arrow
52:34 Padded Archer Armor
52:56 Elite Skirmisher
53:45 Bracer
58:35 Bogsveigar
58:10 Capped Ram
59:31 Elite Berserk
62:25 Chemistry
61:11 Arrowslits
61:18 Heated Shot
61:34 Siphons
90:05 Elite Cannon Galleon
XxAn0nym0us7xX
10:09 Feudal Age
15:50 Castle Age
17:44 Double-Bit Axe
21:20 Bow Saw
22:15 Husbandry
22:25 Bloodlines
23:41 Fishing Lines
26:25 Bloodlines
28:57 Forging
28:53 Scale Barding Armor
28:39 Fletching
30:15 Ballistics
29:50 Murder Holes
30:48 Padded Archer Armor
30:54 Scale Barding Armor
30:57 Gold Mining
30:57 Stone Mining
31:50 Medium Warships
31:32 Gillnets
32:18 Bodkin Arrow
41:34 Imperial Age
41:24 Iron Casting
41:09 Chain Barding Armor
42:22 Wheelbarrow
41:33 Town Watch
41:34 Loom
44:01 Chemistry
43:52 Elite Steppe Lancer
49:17 Elite Mangudai
53:28 Heavy Warships
53:46 Horse Collar
57:17 Heavy Plow
57:40 Siege Engineers
58:13 Drill
58:54 Onager
63:08 Blast Furnace
62:10 Bracer
67:02 Heavy Camel Rider
84:08 Light Cavalry
88:15 Hussar
92:07 Scale Mail Armor
91:38 Pikeman
92:18 Squires
92:04 Arson
EscrotoelEscrotoncio
2:34 Loom
3:23 Loom
10:18 Feudal Age
11:33 Wheelbarrow
10:49 Double-Bit Axe
19:36 Castle Age
17:37 Stone Mining
18:22 Gold Mining
20:34 Hand Cart
20:33 Bow Saw
21:39 Gold Shaft Mining
25:34 Pikeman
28:01 Scale Mail Armor
28:12 Forging
30:43 Town Watch
33:44 Imperial Age
33:10 Iron Casting
32:42 Scale Barding Armor
35:07 Conscription
36:23 Blast Furnace
35:44 Chain Barding Armor
40:41 Cavalier
41:34 Padded Archer Armor
41:25 Fletching
46:51 Elite Throwing Axeman
47:54 #83
48:14 Bodkin Arrow
48:34 Leather Archer Armor
48:56 Plate Barding Armor
48:09 Gambesons
48:25 Squires
49:51 Caravan
52:29 Paladin
64:24 Chain Mail Armor
64:14 Chivalry
70:10 Plate Mail Armor
69:40 Elite Skirmisher
81:43 Halberdier
83:14 Husbandry
85:18 Onager
90:06 Chemistry
96:02 Heavy Scorpion
96:53 Town Patrol
HenryDxebec
6:58 Double-Bit Axe
8:44 Wheelbarrow
9:39 Loom
11:47 Feudal Age
11:35 Horse Collar
12:45 Bow Saw
13:08 Hand Cart
16:30 Gold Mining
18:07 Gold Shaft Mining
18:18 Stone Mining
21:39 Castle Age
22:46 Pikeman
23:40 Forging
24:47 Two-Man Saw
25:53 Scale Mail Armor
29:04 Fishing Lines
30:40 Gillnets
35:18 Medium Warships
35:25 Burgundian Vineyards
39:15 Scale Barding Armor
39:25 Chain Mail Armor
41:49 Imperial Age
42:18 Stone Shaft Mining
42:08 Chain Barding Armor
42:24 Iron Casting
43:49 Chemistry
43:10 Ballistics
44:22 Heavy Warships
44:29 Conscription
43:45 Onager
47:56 Halberdier
49:41 Squires
52:55 Plate Barding Armor
52:50 Plate Mail Armor
53:21 Blast Furnace
51:45 Elite Coustillier
52:27 Light Cavalry
53:10 Husbandry
53:45 Conscription
53:01 Cavalier
53:48 Hussar
56:56 Padded Archer Armor
56:47 Fletching
58:14 Paladin
59:39 Leather Archer Armor
68:52 Guilds
70:46 Elite Skirmisher
81:53 Bodkin Arrow
Connection lost

Rejoining the realm…

Still unreachable

The connection could not be restored.

Session expired

The server has moved on; the page needs a fresh start.